 Dungeon Crawl Stone Soup version 0.31-a0-267-g3fc6992b3b (webtiles) character file.

Game seed: 12091273205714366327

77 Gargoyl the Trooper (level 4, 0/8 HPs)
             Began as a Gargoyle Berserker on July 14, 2023.
             Was a Believer of Trog.
             Slain by a worm (8 damage)
             ... on level 2 of the Dungeon.
             The game lasted 00:01:12 (834 turns).

Gargoyl the Trooper (Gargoyle Berserker)             Turns: 834, Time: 00:01:12

Health: 0/8        AC:  3    Str: 20    XL:     4   Next: 33%
Magic:  4/4        EV: 12    Int:  8    God:    Trog [**....]
Gold:   34         SH:  0    Dex: 11    Spells: 3/3 levels left

rFire   . . .        a - melded +0 hand axe
rCold   . . .        (shield currently unavailable)
rNeg    + . .        b - +0 animal skin
rPois   ∞            (no helmet)
rElec   +            (no cloak)
rCorr   .            (gloves currently unavailable)
SInv    .            (no boots)
Will    .....        (no amulet)
Stlth   +            (no ring)
HPRegen 0.21/turn    (no ring)
MPRegen 0.09/turn

%: no passive effects
@: blade hands
A: reduced hp, sickness immunity, AC +3, negative energy resistance 1,
electricity resistance, torment resistance 1, petrification resistance
a: Begin Untransformation, Renounce Religion, Berserk, Trog's Hand


You were on level 2 of the Dungeon.
You worshipped Trog.
Trog was pleased with you.
You had blades for hands.
You visited 1 branch of the dungeon, and saw 2 of its levels.

You collected 34 gold pieces.

Inventory:

Hand Weapons
 a - a +0 hand axe (melded)
Armour
 b - a +0 animal skin (worn)
Jewellery
 k - a ring of protection from fire
Talismans
 j - a blade talisman
Scrolls
 c - 3 scrolls of teleportation
 g - a scroll of vulnerability {unknown}
 h - 2 scrolls of revelation {unknown}
 i - a scroll of identify {unknown}
Potions
 d - a potion of attraction {unknown}
 e - a potion of heal wounds {unknown}
 f - 2 potions of cancellation {unknown}


   Skills:
 + Level 4.0 Fighting
 + Level 3.6 Axes
 + Level 2.3 Armour
 + Level 2.2 Dodging


You had 3 spell levels left.
You didn't know any spells.
Your spell library was empty.

Dungeon Overview and Level Annotations

Branches:
Dungeon (2/15)

Altars:


Innate Abilities, Weirdness & Mutations

You have blades for hands.
Your maximum health is decreased, since you lack skill for your form.
Your spellcasting is less reliable in this form.
You are incapable of wielding weapons or throwing items.
You are immune to sickness and miasma.
Your stone body is resilient. (AC +3)
You are immune to poison.
You resist negative energy. (rN+)
You are resistant to electric shocks. (rElec)
You are resistant to unholy torment.
You are immune to petrification.


Message History

You closely miss the goblin. The goblin closely misses you.
You barely miss the goblin. The goblin barely misses you.
The goblin hits you but does no damage.
You hit the goblin.
You kill the goblin!
Trog accepts your kill.
Things that are here:
a +0 dagger; a +0 club; a stone You begin transforming.
You continue transforming. x3
Your hands turn into razor-sharp scythe blades.
Your +0 hand axe melds into your body.
A hobgoblin comes into view.
The hobgoblin shouts!
A rat comes into view.
A ball python comes into view.
The ball python hisses angrily.
You see here a ring of protection from fire.
You slash the hobgoblin!
You kill the hobgoblin!
Trog accepts your kill. The rat completely misses you.
The ball python bites you. The ball python grabs you.
The ball python constricts you.
You slice the ball python!!
You kill the ball python!
Trog accepts your kill. The rat closely misses you. The rat closely misses you.
You slash the rat!
You kill the rat!
Trog accepts your kill.
k - a ring of protection from fire A worm comes into view.
A worm is nearby!
A worm is nearby!
A worm is nearby!
A worm is nearby!
A worm is nearby!
The worm bites you!
Ouch! That really hurt!
You die...

#.##.##.# # #.##....##.#
##.##...... ...##.##.#
.#....)..##.# ###
###........># #..
.#.#...###### #.#
#.##...# ###w###
####...# ##..@.$## #...#
#.......# #...#
#..#....# #...#
##..#....#
####...#####...#....#
.................#..#
.......................
....................##..
####...#####...#.#.## .


You could see a worm.

Vanquished Creatures
  A hound (D:2)
  A worm (D:2)
  A dart slug (D:1)
  5 endoplasms
  A giant cockroach (D:1)
  7 goblins
  5 hobgoblins
  3 jackals (D:1)
  4 kobolds
  A quokka (D:2)
  A ball python (D:2)
  A frilled lizard (D:1)
  4 rats
35 creatures vanquished.

Notes
Turn   | Place    | Note
-------+----------+-------------------------------------------
     0 | D:1      | Gargoyl the Gargoyle Berserker began the quest for the Orb.
     0 | D:1      | Reached XP level 1. HP: 14/14 MP: 1/1
    69 | D:1      | Reached XP level 2. HP: 19/19 MP: 2/2
   362 | D:1      | Reached XP level 3. HP: 23/24 MP: 3/3
   570 | D:2      | Reached XP level 4. HP: 20/29 MP: 4/4
   576 | D:2      | Reached ** piety under Trog
   694 | D:2      | Reached skill level 4 in Fighting
   834 | D:2      | Slain by a worm

Illustrated notes

Levels and vault maps discovered:
D:1:      dpeg_arrival_tiny_c, layout_basic, st_stairs_9,
          chequers_decorated_corner
D:2:      layout_loops_cross

Skill      XL: |  1  2  3  4 |
---------------+-------------+-----
Axes           | 3 |  3.6
Dodging        | 2 |  2.2
Fighting       | 4 |  4.0
Armour         | |  2.3

Action                     |  1- 3 |  4- 6 || total
---------------------------+-------+-------++-------
  Melee: Hand axe          |    73 |    28 ||   101
         Punch             |     1 |       ||     1
         Unarmed           |       |     3 ||     3
    Use: Scroll            |     1 |       ||     1
 Armour: Animal skin       |    24 |     7 ||    31
  Dodge: Dodged            |    41 |    24 ||    65
   Form: Blade             |       |     1 ||     1

Table legend: (Time is in decaauts)
 A = Elapsed time spent in this place.
 B = Non-inter-level travel time spent in this place.
 C = Inter-level travel time spent in this place.
 D = Time resting spent in this place.
 E = Time spent auto-exploring this place.
 F = Levels seen in this place.
 G = Mean time per level.
                   A        B        C        D        E       F      G
               +--------+--------+--------+--------+--------+-----+--------+
         Total |    848 |    814 |     34 |      0 |    536 |   2 |  424.0 |
       Dungeon |    848 |    814 |     34 |      0 |    536 |   2 |  424.0 |
               +--------+--------+--------+--------+--------+-----+--------+

Top non-repeatable levels by time:
     D:1: 572 daAuts
     D:2: 275 daAuts
